 Dungeon Crawl Stone Soup version 0.18-a0-1789-gbeff17f (webtiles) character file.

175 macross the Ruffian (level 5, -7/39 (46) HPs)
             Began as a Ghoul Monk on Apr 21, 2016.
             Was an Initiate of Ru.
             Mangled by a scorpion (8 damage)
             ... on level 4 of the Dungeon.
             The game lasted 00:10:24 (2460 turns).

macross the Ruffian (Ghoul Monk)                    Turns: 2460, Time: 00:10:25

HP:   -7/39 (46)    AC:  7    Str: 16    XL:     5   Next: 55%
MP:   4/4           EV: 13    Int:  5    God:    Ru [......]
Gold: 131           SH:  0    Dex: 11    Spells: 0 memorised, 4 levels left

rFire  . . .     SeeInvis .       - Unarmed
rCold  + . .     Gourm    .     i - +1 robe
rNeg   + + +     Faith    .     (no shield)
rPois  ∞         Spirit   .     f - +2 helmet
rElec  .         Dismiss  .     h - +0 cloak
rCorr  .         Reflect  .     (no gloves)
SustAt .         Harm     .     (no boots)
MR     .....                    (no amulet)
Stlth  ++........               (no ring)
                                (no ring)

@: rotting, not resistant to hostile enchantments, unstealthy
A: rotting body, claws 1, carnivore 3, cold resistance 1, negative energy
resistance 3, slow regeneration 1, torment resistance, unbreathing
a: Sacrifice Love, Sacrifice Nimbleness, Sacrifice Durability, Reject
Sacrifices, Renounce Religion


You were on level 4 of the Dungeon.
You worshipped Ru.
Ru was noncommittal.
You were not hungry.

You visited 1 branch of the dungeon, and saw 4 of its levels.

You collected 131 gold pieces.

Inventory:

Armour
 a - a +0 robe
 d - a +0 robe
 f - a +2 helmet (worn)
 h - a +0 cloak (worn)
 i - a +1 robe (worn)
 j - a +0 robe
 n - a +0 leather armour
Scrolls
 c - a scroll of noise
 e - a scroll of identify {unknown}
 l - a scroll of teleportation {unknown}
 m - a scroll of immolation {unknown}
Potions
 g - a potion of beneficial mutation {unknown}
 o - a potion of brilliance {unknown}
Comestibles
 b - a meat ration


   Skills:
 + Level 4.2 Fighting
 + Level 3.9 Dodging
 + Level 3.0 Stealth
 + Level 5.4 Unarmed Combat


You had 4 spell levels left.
You didn't know any spells.

Dungeon Overview and Level Annotations

Branches:
Dungeon (4/15)
 Temple: D:4-7

Altars:
Okawaru
Ru
Sif Muna


Innate Abilities, Weirdness & Mutations

Your body is rotting away.
You thrive on raw meat.
You are immune to poison.
You have sharp fingernails.
You are carnivorous and can eat meat at any time.
Your flesh is cold resistant.
You are immune to negative energy.
You regenerate slowly when monsters are visible.
You are immune to unholy pain and torment.
You can survive without breathing.


Message History

You barely miss the worm. You claw the worm.
The worm is heavily wounded.
The scorpion stings you! The worm misses you.
You claw the worm!
The worm is almost dead.
The scorpion stings you but does no damage.
The worm bites you!
* * * LOW HITPOINT WARNING * * *
You scratch the worm but do no damage.
The worm is almost dead.
The scorpion stings you but does no damage.
The worm bites you but does no damage.
You scratch the worm.
The worm is almost dead.
The scorpion stings you.
* * * LOW HITPOINT WARNING * * *
You barely miss the worm. You claw the worm.
You kill the worm!
The scorpion stings you!
You die...

#......#
#......#
#......#
#......# #
#......#####
#.#..........#
.....>.......#
#....@s...)#
#..........##
#...........#
#.###.#.......
#.# #.#..##.#.
#.###.#..# #
#.....#..#
#.######.. #.#
..


You could see a scorpion.

Vanquished Creatures
  A giant frog skeleton (D:4)
  2 orc wizards (D:3)
  4 adders
  An ooze (D:3)
  A worm (D:4)
  A giant gecko (D:2)
  4 orcs
  3 giant cockroaches
  7 goblins
  4 hobgoblins
  12 jackals
  A quokka (D:4)
  3 bats
  A giant newt (D:3)
  4 kobolds
  2 rats
51 creatures vanquished.

Notes
Turn   | Place    | Note
--------------------------------------------------------------
     0 | D:1      | macross the Ghoul Monk began the quest for the Orb.
     0 | D:1      | Reached XP level 1. HP: 19/19 MP: 0/0
    29 | D:1      | You fall through a shaft!
   162 | D:2      | Reached XP level 2. HP: 14/26 MP: 1/1
   403 | D:1      | Reached XP level 3. HP: 24/31 MP: 2/2
   416 | D:1      | Reached skill level 5 in Unarmed Combat
  1121 | D:3      | Found an iron altar of Okawaru.
  1180 | D:3      | Reached XP level 4. HP: 17/40 MP: 3/3
  1545 | D:3      | Found a deep blue altar of Sif Muna.
  1547 | D:3      | Reached XP level 5. HP: 36/42 MP: 4/4
  2323 | D:4      | Found a sacrificial altar of Ru.
  2332 | D:4      | Became a worshipper of Ru the Awakened
  2459 | D:4      | HP: 1/39 [scorpion (6)]
  2460 | D:4      | Mangled by a scorpion

Vault maps used:
D:1:      saegor_arrival_simple_d
D:2:      old_standard_altar, lemuel_crystal_altar
D:3:      old_standard_altar, roderic_bali_sauvastika, okawaru_trees_1
D:4:      nicolae_ru_sacrificial_ziggurat

Skill      XL: |  1  2  3  4  5 |
---------------+----------------+-----
Unarmed Combat | 5 |  5.4
Dodging        | 3 |  3.9
Fighting       | 4 |  4.2
Stealth        | 3 |  3.0

Action                   |  1- 3 |  4- 6 || total
-------------------------+-------+-------++-------
Melee: Unarmed           |   101 |    72 ||   173
       Punch             |       |     4 ||     4
  Use: Potion            |     2 |       ||     2
       Scroll            |       |     5 ||     5
 Stab: Sleeping          |     1 |     2 ||     3
       Distracted        |       |     1 ||     1
  Eat: Meat ration       |       |     1 ||     1
       Pizza             |       |     1 ||     1
Armor: Robe              |    51 |    25 ||    76
Dodge: Dodged            |    99 |    50 ||   149
